 Dungeon Crawl Stone Soup version 0.27.1-33-g824d729ab1 (webtiles) character file.

Game seed: 4307990765628177447

4 Descartes the Grasshopper (level 1, 0/9 HPs)
             Began as a Felid Warper on Dec 30, 2021.
             Succumbed to a goblin's poison
             ... on level 1 of the Dungeon.
             The game lasted 00:00:31 (194 turns).

Descartes the Grasshopper (Felid Warper)             Turns: 194, Time: 00:00:32

Health: 0/9        AC:  1    Str:  7    XL:     1   Next: 58%
Magic:  4/4        EV: 18    Int: 14    God:
Gold:   0          SH:  0    Dex: 15    Spells: 4/4 levels left
                                        Lives:  0   Deaths: 0

rFire    . . .     SeeInvis +     - Unarmed
rCold    . . .     Faith    .   (shield unavailable)
rNeg     . . .     Spirit   .   (armour unavailable)
rPois    .         Reflect  .   (helmet unavailable)
rElec    .         Harm     .   (cloak unavailable)
rCorr    .         Rampage  .   (gloves unavailable)
Will     .....                  (boots unavailable)
Stlth    +.........             (no amulet)
HPRegen  0.03/turn              (no ring)
MPRegen  0.09/turn              (no ring)

@: lethally poisoned (0 -> -20), quick
A: very small, claws 1, fangs 3, see invisible, speed 1, shaggy fur 1, stealthy
paws, no weapons or thrown items, no armour, multi-lived
a: no special abilities


You were on level 1 of the Dungeon.
You visited 1 branch of the dungeon, and saw 1 of its levels.

Inventory:

Missiles
 b - 19 stones
Scrolls
 a - a scroll of blinking


   Skills:
 - Level 2.0 Fighting
 + Level 3.4 Dodging
 + Level 2.1 Unarmed Combat
 - Level 2.0 Spellcasting
 + Level 4.5 Translocations


You had 4 spell levels left.
You didn't know any spells.
Your spell library contained the following spells:

 Spells                   Type           Power      Damage    Failure   Level
 Blink                    Tloc           N/A        N/A       5%          2
 Gell's Gravitas          Tloc           7%         N/A       11%         3
 Lesser Beckoning         Tloc           7%         N/A       11%         3
 Teleport Other           Tloc           14%        N/A       11%         3
 Sting                    Tmut/Pois      4%         1d3       24%         1
 Poisonous Vapours        Pois/Air       2%         N/A       34%         2
 Olgreb's Toxic Radiance  Pois           1%         N/A       93%         4
 Manifold Assault         Tloc           14%        N/A       71%         5


Dungeon Overview and Level Annotations

Branches:
Dungeon (1/15)

Altars:


Innate Abilities, Weirdness & Mutations

You have sharp claws.
You have razor-sharp teeth.
You have supernaturally acute eyesight. (SInv)
You cover ground quickly. (Speed+)
You are covered in fur. (AC +1)
Your paws help you pounce on unaware monsters.
You are incapable of wielding weapons or throwing items.
You cannot wear armour.
You gain extra lives every three experience levels.


Message History

You kill the bat!
No target in view!
No target in view!
No target in view!
No target in view!
No target in view!
No target in view!
A goblin comes into view. It is wielding a +1 dagger of venom.
A hobgoblin and a kobold come into view.
The hobgoblin shouts!
The goblin shouts!
The kobold shouts!
The goblin barely misses you.
You closely miss the goblin. Your bite misses the goblin.
The goblin hits you but does no damage.
You are poisoned.
You scratch the hobgoblin. Your claw misses the hobgoblin.
The hobgoblin is lightly wounded.
You feel sick. The hobgoblin completely misses you.
The goblin hits you with a +1 dagger of venom.
You are more poisoned.
You are too injured to fight recklessly!
You are too injured to fight recklessly!
You are too injured to fight recklessly!
You are too injured to fight recklessly!
You are too injured to fight recklessly!
You are too injured to fight recklessly!
You are too injured to fight recklessly!
You are too injured to fight recklessly!
You are too injured to fight recklessly!
You are too injured to fight recklessly!
You are too injured to fight recklessly!
You are too injured to fight recklessly!
You are too injured to fight recklessly!
You are too injured to fight recklessly!
You are too injured to fight recklessly!
You are too injured to fight recklessly!
You are too injured to fight recklessly!
You are too injured to fight recklessly!
You are too injured to fight recklessly!
You are too injured to fight recklessly!
You die...

#.###.####.##.#.
#.###.# #.# #.##.#.
#.#...# #.# #......
#.#.### #.# ####...
#K#.# #.# ###. #.#.#
#.# #. #.#.#
#.#########.
#.#g#.#####...........
#..g.@......#########.
###.$.......# #.
########.## #. # #. #.
#. #.


You could see a hobgoblin and a goblin.

Vanquished Creatures
  A ball python (D:1)
  2 bats (D:1)
  A rat (D:1)
4 creatures vanquished.

Notes
Turn   | Place    | Note
-------+----------+-------------------------------------------
     0 | D:1      | Descartes the Felid Warper began the quest for the Orb.
     0 | D:1      | Reached XP level 1. HP: 9/9 MP: 4/4
   194 | D:1      | Succumbed to a goblin's poison

Illustrated notes

Levels and vault maps discovered:
D:1:      psy_arrival_conway, layout_loops_ring, serial_bayou_pond_e,
          minmay_tetromino_i4

Action                   || total
-------------------------++-------
Melee: Unarmed           ||    22
       Bite              ||     3
 Stab: Sleeping          ||     1
Armor: Skin              ||     3
Dodge: Dodged            ||    33
